 Dungeon Crawl Stone Soup version 0.31-a0-1589-g8f5e8aebd6 (webtiles) character file.

Game seed: 857803461160435937

4 Consumeair16 the Slasher (level 1, -2/20 HPs)
             Began as a Gnoll Reaver on Jan 5, 2024.
             Slain by a gnoll
             ... wielding a +0 spear
              (7 damage)
             ... on level 1 of the Dungeon.
             The game lasted 00:04:07 (242 turns).

Consumeair16 the Slasher (Gnoll Reaver)              Turns: 242, Time: 00:04:07

Health: -2/20      AC:  3    Str: 11    XL:     1   Next: 60%
Magic:  6/6        EV: 12    Int: 12    God:
Gold:   29         SH:  0    Dex: 10    Spells: 8/9 levels left

rFire   x . .        a - +0 falchion
rCold   + . .        (no shield)
rNeg    . . .        b - +0 leather armour
rPois   .            (no helmet)
rElec   .            (no cloak)
rCorr   .            (no gloves)
SInv    .            (no boots)
Will    .....        (no amulet)
Stlth   +            c - ring of ice
HPRegen 0.23/turn    (no ring)
MPRegen 0.10/turn

%: no passive effects
@: no status effects
A: fangs 1, strong nose, distributed training
a: no special abilities


You were on level 1 of the Dungeon.
You visited 1 branch of the dungeon, and saw 1 of its levels.

You collected 29 gold pieces.

Inventory:

Hand Weapons
 a - a +0 falchion (weapon)
Armour
 b - a +0 leather armour (worn)
Jewellery
 c - a ring of ice (left hand)


   Skills:
 + Level 4.4 Fighting
 + Level 0.1 Short Blades
 + Level 6.4 Long Blades
 + Level 0.1 Axes
 + Level 0.1 Maces & Flails
 + Level 0.1 Polearms
 + Level 0.1 Staves
 + Level 0.1 Ranged Weapons
 + Level 0.1 Throwing
 + Level 0.1 Armour
 + Level 4.4 Dodging
 + Level 0.1 Stealth
 + Level 0.1 Shields
 + Level 0.1 Unarmed Combat
 + Level 4.9 Spellcasting
 + Level 5.3 Conjurations
 + Level 0.1 Hexes
 + Level 0.1 Summonings
 + Level 0.1 Necromancy
 + Level 0.1 Translocations
 + Level 0.1 Fire Magic
 + Level 0.1 Ice Magic
 + Level 0.1 Air Magic
 + Level 0.1 Earth Magic
 + Level 0.1 Alchemy
 + Level 0.2 Invocations
 + Level 0.1 Evocations
 + Level 0.1 Shapeshifting


You had 8 spell levels left.
You knew the following spells:

 Your Spells              Type           Power      Damage    Failure   Level
a - Kiss of Death         Conj/Necr      36%        2d8       9%          1

Your spell library contained the following spells:

 Spells                   Type           Power      Damage    Failure   Level
 Momentum Strike          Conj/Tloc      18%        3d8       13%         2
 Hailstorm                Conj/Ice       14%        3d6       26%         3


Dungeon Overview and Level Annotations

Branches:
Dungeon (1/15)

Altars:


Innate Abilities, Weirdness & Mutations

You have very sharp teeth.
Your uncanny sense of smell can sniff out nearby items.
Your experience applies equally to all skills.


Message History

a +0 dagger; 3 stones; a kobold corpse You see here a scroll labelled EGIONW GIFOUD.
You see here a scroll labelled EGIONW GIFOUD.
You see here 7 stones.
A frilled lizard comes into view.
Found a stone staircase leading down.
The frilled lizard hisses.
The frilled lizard bites you but does no damage.
You barely miss the frilled lizard. The frilled lizard bites you.
You barely miss the frilled lizard.
The frilled lizard bites you but does no damage.
You closely miss the frilled lizard. The frilled lizard misses you.
You slash the frilled lizard!
You kill the frilled lizard!
A gnoll comes into view. It is wielding a +0 spear.
You see here a frilled lizard corpse.
Found an encrusted bronze wand.
Okay, then.
You can't see any susceptible monsters within range! (Use Z to cast anyway.)
Found a sling.
Found a faded altar of an unknown god.
Found a leather armour.
Found 17 gold pieces.
The gnoll hits you from afar with a +0 spear.
Casting: Kiss of Death (safe; 9% risk of failure)
Confirm with . or Enter, or press ? or * to list all spells.
You can't see any susceptible monsters within range! (Use Z to cast anyway.)
The gnoll closely misses you.
You hit the gnoll but do no damage. The gnoll hits you with a +0 spear!
You hit the gnoll. Your bite misses the gnoll.
The gnoll is heavily wounded.
The gnoll hits you with a +0 spear.
* * * LOW HITPOINT WARNING * * *
You are too injured to fight recklessly!
Okay, then.
The gnoll misses you.
You closely miss the gnoll.
The gnoll is heavily wounded.
The gnoll hits you with a +0 spear!
You die...

#. .... ....
.###.[###....
......_.....
$.......... #
..........
#.###/......#
#.#...........#.
#.#...g@..).....
#.#.###..###..#.
##.............#
....#.........#
#.#..#.........#
#.#..#....##...#
#.#.†............
#..........>...#.
##.............#.#


You could see a gnoll.

Vanquished Creatures
  2 bats (D:1)
  2 frilled lizards (D:1)
  A kobold (D:1)
  A rat (D:1)
6 creatures vanquished.

Notes
Turn   | Place    | Note
-------+----------+-------------------------------------------
     0 | D:1      | Consumeair16 the Gnoll Reaver began the quest for the Orb.
     0 | D:1      | Reached XP level 1. HP: 20/20 MP: 6/6
   234 | D:1      | Found a faded altar of an unknown god.
   242 | D:1      | Slain by a gnoll

Illustrated notes

Levels and vault maps discovered:
D:1:      beargit_arrival_diablo_church, layout_basic, serial_shops,
          nicolae_shop_real_fake_doors, hellmonk_ecumenical_altar_lost_god,
          wad_floor_pattern_untrapped, minmay_misc_feat_ornament

Action                     || total
---------------------------++-------
  Melee: Falchion          ||    17
 Armour: Leather armour    ||    15
  Dodge: Dodged            ||    11

Table legend: (Time is in decaauts)
 A = Elapsed time spent in this place.
 B = Non-inter-level travel time spent in this place.
 C = Inter-level travel time spent in this place.
 D = Time resting spent in this place.
 E = Time spent auto-exploring this place.
 F = Levels seen in this place.
 G = Mean time per level.
                   A        B        C        D        E       F      G
               +--------+--------+--------+--------+--------+-----+--------+
         Total |    241 |    233 |      8 |      0 |      0 |   1 |  241.0 |
       Dungeon |    241 |    233 |      8 |      0 |      0 |   1 |  241.0 |
               +--------+--------+--------+--------+--------+-----+--------+

Top non-repeatable levels by time:
     D:1: 241 daAuts
